 Dungeon Crawl Stone Soup version 0.25-a0-1118-g1a081956a1 (webtiles) character file.

Game seed: 10520667461565579996, levelgen mode: deterministic

447 Gynju the Chiller (level 7, -2/46 HPs)
             Began as a Merfolk Ice Elementalist on May 17, 2020.
             Was an Initiate of Sif Muna.
             Slain by a sky beast (5 damage)
             ... on level 5 of the Dungeon.
             The game lasted 00:07:37 (5259 turns).

Gynju the Chiller (Merfolk Ice Elementalist)        Turns: 5259, Time: 00:07:37

Health: -2/46      AC:  2    Str: 10    XL:     7   Next: 3%
Magic:  12/14      EV: 13    Int: 14    God:    Sif Muna [......]
Gold:   167        SH:  0    Dex: 15    Spells: 9/16 levels left

rFire    + . .     SeeInvis .   j - staff of cold
rCold    + . .     Gourm    .   (no shield)
rNeg     . . .     Faith    .   k - +0 robe {rF+}
rPois    .         Spirit   .   (no helmet)
rElec    .         Reflect  .   (no cloak)
rCorr    +         Harm     .   (no gloves)
MR       .....                  (no boots)
Stlth    ++........             (no amulet)
HPRegen  0.15/turn              f - ring of resist corrosion
MPRegen  0.14/turn              (no ring)

@: no status effects
A: change form in water, swift swim, stealthy swim
a: Renounce Religion


You were on level 5 of the Dungeon.
You worshipped Sif Muna.
Sif Muna was noncommittal.
You were not hungry.

You visited 2 branches of the dungeon, and saw 6 of its levels.

You collected 167 gold pieces.

Inventory:

Hand Weapons
 g - a +2 whip of draining
Armour
 k - a +0 robe of fire resistance (worn)
Magical Staves
 j - an uncursed staff of cold (weapon)
Jewellery
 f - a ring of resist corrosion (left hand)
Scrolls
 d - a scroll of magic mapping
 e - 5 scrolls of enchant armour
 l - 5 scrolls of fear {unknown}
Potions
 a - a potion of resistance
 h - a potion of heal wounds
 m - a potion of flight
 n - 2 potions of curing {@q1}
 p - a potion of invisibility
Comestibles
 c - 11 rations


   Skills:
 + Level 0.0 Fighting
 + Level 2.6 Dodging
 - Level 2.1 Stealth
 + Level 5.0 Spellcasting
 - Level 7.0 Ice Magic


You had 9 spell levels left.
You knew the following spells:

 Your Spells              Type           Power        Failure   Level  Hunger
a - Freeze                Ice            ####         1%          1    None
b - Frozen Ramparts       Ice            ####..       3%          3    ###....
c - Ozocubu's Armour      Chrm/Ice       ###.....     12%         3    ###....

Your spell library contained the following spells:

 Spells                   Type           Power        Failure   Level  Hunger
 Hailstorm                Conj/Ice       ###.....     38%         4    ####...
 Summon Ice Beast         Ice/Summ       ###.....     38%         4    ####...


Dungeon Overview and Level Annotations

Branches:
Dungeon (5/15)             Temple (1/1) D:4

Altars:
Ashenzari
Cheibriados
Dithmenos
Elyvilon
Fedhas
Gozag
Hepliaklqana
Makhleb
Nemelex Xobeh
Qazlal
Ru
Sif Muna
Uskayaw
Vehumet
Wu Jian
Yredelemnul
Zin
The Shining One

Annotations:
D:3 Sigmund


Message History

You can't see any susceptible monsters within range! (Use Z to cast anyway.)
Casting: Freeze (safe; 1% risk of failure)
Confirm with . or Enter, or press ? or * to list all spells.
You can't see any susceptible monsters within range! (Use Z to cast anyway.)
There is a strange disturbance nearby!
You are too injured to fight recklessly!
You barely miss something. Something hits you but does no damage.
You closely miss something. Something hits you. Something shocks you.
You miss something. Something hits you but does no damage.
You barely miss something. Something hits you but does no damage.
You miss something. Something hits you but does no damage. Something hits you.
* * * LOW HITPOINT WARNING * * *
Something shocks you.
* * * LOW HITPOINT WARNING * * *
You miss something.
A sky beast appears from thin air!
Reactivating autopickup.
The sky beast hits you.
* * * LOW HITPOINT WARNING * * *
The sky beast shocks you.
You die...

#...# #...#
#...# ###...#
.#..$# #...#
#..Y# #..@#
#...#
#...#######
#...#......
#...#######
#...# #...#
#...#########
#......<....#


You could see a sky beast.

Vanquished Creatures
  A scorpion (D:4)
  A hound (D:4)
  3 orc priests (D:4)
  An orc wizard (D:4)
  4 worker ants (D:4)
  5 adders
  2 oozes (D:3)
  An adder skeleton (D:3)
  5 worms
  A dart slug (D:1)
  A leopard gecko (D:3)
  14 orcs
  5 giant cockroaches
  7 goblins
  3 hobgoblins
  10 jackals
  8 kobolds
  A quokka (D:3)
  3 bats
  2 frilled lizards
  5 rats
83 creatures vanquished.

Notes
Turn   | Place    | Note
-------+----------+-------------------------------------------
     0 | D:1      | Gynju the Merfolk Ice Elementalist began the quest for the
                  | Orb.
     0 | D:1      | Reached XP level 1. HP: 13/13 MP: 3/3
   276 | D:1      | Reached XP level 2. HP: 17/19 MP: 3/5
  1184 | D:2      | Reached skill level 5 in Ice Magic
  1184 | D:2      | Reached XP level 3. HP: 18/24 MP: 0/7
  1550 | D:2      | Reached XP level 4. HP: 27/30 MP: 4/8
  1728 | D:2      | Found a blossoming altar of Fedhas.
  1728 | D:2      | Found a glowing silver altar of Zin.
  2128 | D:3      | Learned a level 3 spell: Frozen Ramparts
  2244 | D:3      | Learned a level 3 spell: Ozocubu's Armour
  2283 | D:3      | Noticed Sigmund
  3059 | D:3      | Reached XP level 5. HP: 29/35 MP: 3/10
  3758 | D:4      | Reached skill level 6 in Ice Magic
  4019 | D:4      | Found a staircase to the Ecumenical Temple.
  4032 | D:4      | Reached XP level 6. HP: 28/41 MP: 3/12
  4038 | Temple   | Entered the Ecumenical Temple
  4373 | Temple   | Became a worshipper of Sif Muna the Loreminder
  4813 | D:4      | Reached skill level 5 in Spellcasting
  4813 | D:4      | Reached skill level 7 in Ice Magic
  4813 | D:4      | Reached XP level 7. HP: 38/46 MP: 11/14
  5239 | D:5      | Entered Level 5 of the Dungeon
  5259 | D:5      | Slain by a sky beast

Illustrated notes

Levels and vault maps discovered:
D:1:      minmay_arrival_jagged, layout_basic, minivault_14
D:2:      layout_rooms, minitemple, grunt_ministairs_12
D:3:      layout_basic, uniq_sigmund
D:4:      layout_basic, minmay_temple_entry_mist, first_ration
D:5:      layout_rooms, serial_co_window_serial, co_window_paths_a,
          co_window_of_opportunity_a, co_window_paths_b, co_window_corner_a,
          co_window_paths_a, co_window_paths_a, co_window_corner_a,
          co_window_broadway_c, co_window_broadway_b, co_window_paths_c,
          co_window_of_opportunity_b, co_window_2corner, glass_columns_a,
          glass_columns_a, glass_columns_b, glass_columns_a, glass_columns_c,
          hangedman_decor_peaks_small, uniq_menkaure
Temple:   eino_temple_rhombus

Skill      XL: |  1  2  3  4  5  6 |
---------------+-------------------+-----
Ice Magic      | 5 6 7 |  7.0
Spellcasting   | 3 4 5 |  5.0
Dodging        | |  2.6
Stealth        | |  2.1

Action                   |  1- 3 |  4- 6 |  7- 9 || total
-------------------------+-------+-------+-------++-------
Melee: Unarmed           |     8 |       |       ||     8
       Whip              |    39 |    33 |       ||    72
       Staff             |       |       |     6 ||     6
 Cast: Freeze            |    36 |    83 |     8 ||   127
       Frozen Ramparts   |       |     4 |       ||     4
  Use: Scroll            |       |    10 |     1 ||    11
 Stab: Sleeping          |     1 |       |       ||     1
  Eat: Chunk             |     3 |    10 |     1 ||    14
Armor: Robe              |    15 |    10 |     4 ||    29
Dodge: Dodged            |    49 |    52 |     2 ||   103

Table legend:
 A = Non-vault XP
 B = Vault XP
 C = Vault XP percentage of total XP
 D = Non-vault monster count
 E = Vault monster count
 F = Vault count percentage of total count
                 A         B        C        D         E       F
            +---------+---------+-------+---------+---------+-------
      Total |     624 |      15 |   2.3 |      81 |       2 |   2.4
            +---------+---------+-------+---------+---------+-------
        D:1 |      29 |       0 |   0.0 |      15 |       0 |   0.0
        D:2 |      50 |      15 |  23.1 |      15 |       2 |  11.8
        D:3 |      92 |       0 |   0.0 |      24 |       0 |   0.0
        D:4 |     448 |       0 |   0.0 |      26 |       0 |   0.0
     Temple |       5 |       0 |   0.0 |       1 |       0 |   0.0
            +---------+---------+-------+---------+---------+-------
